 Dungeon Crawl Stone Soup version 0.21-a0-41-g5e91fef (webtiles) character file.

13671 Kidiri the Thaumaturge (level 11, -6/62 HPs)
             Began as a Deep Elf Fire Elementalist on June 3, 2017.
             Was an Elder of Vehumet.
             Hit by a large rock thrown by a stone giant (33 damage)
             ... on level 9 of the Dungeon.
             The game lasted 01:03:11 (14541 turns).

Kidiri the Thaumaturge (DEFE)                      Turns: 14541, Time: 01:03:12

Health: -6/62      AC: 10    Str:  5    XL:     11   Next: 78%
Magic:  28/29      EV: 17    Int: 22    God:    Vehumet [****..]
Gold:   521        SH:  6    Dex: 15    Spells: 8/34 levels left

rFire    + . .     SeeInvis .   N - +8 spear "Vesud" {pierce, +Blink rPois rC+}
rCold    . . .     Gourm    .   s - +1 buckler {rPois}
rNeg     . . .     Faith    .   a - +2 robe
rPois    +         Spirit   .   (no helmet)
rElec    .         Reflect  .   u - +1 cloak
rCorr    .         Harm     .   d - +2 pair of gloves
MR       +....                  (no boots)
Stlth    ++........             (no amulet)
Regen    0.2/turn               O - ring of fire
MPRegen  0.3/turn               M - ring of wizardry

@: no status effects
A: hooves 2, blurry vision 1, dopey 1, shaggy fur 1, evolution 2, subdued magic
1, sturdy frame 1
a: Renounce Religion, Evoke Blink


You were on level 9 of the Dungeon.
You worshipped Vehumet.
Vehumet was greatly pleased with you.
You were very full.

You visited 3 branches of the dungeon, and saw 12 of its levels.
You also visited: Sewer.

You collected 664 gold pieces.
You spent 143 gold pieces at shops.

Inventory:

Hand Weapons
 g - a +4 dagger of flaming
 I - a +2 dagger of electrocution
 N - the +8 spear "Vesud" (weapon) {pierce, +Blink rPois rC+}
   (You found it on level 10 of the Dungeon)

   It inflicts extra damage upon your enemies.
   It protects you from cold.
   It protects you from poison.
   It lets you blink.
Armour
 a - a +2 robe (worn)
 d - a +2 pair of gloves (worn)
 e - a +0 leather armour
 s - a +1 buckler of poison resistance (worn)
 u - a +1 cloak (worn)
Magical Staves
 m - an uncursed staff of conjuration
Jewellery
 k - an uncursed ring of ice
 v - an uncursed ring of positive energy
 y - an uncursed ring of teleportation
 J - an uncursed ring of ice
 M - a ring of wizardry (right hand)
 O - a ring of fire (left hand)
Wands
 t - a wand of confusion (10/48)
 B - a wand of random effects (14/48)
 G - a wand of paralysis (9/24)
Scrolls
 j - 4 scrolls of teleportation
 o - 4 scrolls of remove curse
 x - 2 scrolls of amnesia
 F - 3 scrolls of blinking
 K - a scroll of identify
 L - a scroll of recharging
Potions
 c - a potion of lignification
 f - 2 potions of haste {unknown}
 l - 2 potions of might {unknown}
 n - 4 potions of brilliance
 p - a potion of flight
 q - a potion of invisibility
 r - a potion of agility
 w - 3 potions of degeneration {unknown}
 A - a potion of heal wounds
 C - 2 potions of curing
 D - a potion of ambrosia
 E - 3 potions of mutation {unknown}
 H - a potion of resistance
Books
 b - a book of Flames

   Spells                             Type                      Level
   a - Flame Tongue                   Conjuration/Fire             1
   b - Throw Flame                    Conjuration/Fire             2
   c - Conjure Flame                  Conjuration/Fire             3
   d - Inner Flame                    Hexes/Fire                   3
   e - Sticky Flame                   Conjuration/Fire             4
   f - Fireball                       Conjuration/Fire             5
Comestibles
 h - 3 royal jellies
 i - 13 meat rations
 z - 5 bread rations


   Skills:
 + Level 4.5 Fighting
 + Level 6.1 Short Blades
 + Level 5.1 Armour
 + Level 7.8 Dodging
 - Level 2.4 Stealth
 + Level 4.5 Shields
 * Level 12.3 Spellcasting
 + Level 7.6 Conjurations
 + Level 8.1 Fire Magic
 + Level 1.6 Earth Magic
 + Level 1.4 Poison Magic
 + Level 0.4 Evocations


You had 8 spell levels left.
You knew the following spells:

 Your Spells              Type           Power        Failure   Level  Hunger
a - Flame Tongue          Conj/Fire      #####        1%          1    None
b - Throw Flame           Conj/Fire      ######       1%          2    None
c - Conjure Flame         Conj/Fire      ######..     1%          3    None
d - Inner Flame           Hex/Fire       #####...     1%          3    None
e - Ignite Poison         Fire/Tmut/Pois ####....     1%          3    None
f - Sticky Flame          Conj/Fire      ######..     1%          4    None
g - Fireball              Conj/Fire      ######....   1%          5    ####...
h - Lee's Rapid Deconstr  Erth           ###.......   7%          5    ####...


Dungeon Overview and Level Annotations

Branches:
Dungeon (10/15)            Temple (1/1) D:6            Lair (0/6) D:10
    Orc (1/2) D:9

Altars:
Ashenzari
Cheibriados
Dithmenos
Elyvilon
Fedhas
Gozag
Hepliaklqana
Kikubaaqudgha
Makhleb
Nemelex Xobeh
Okawaru
Qazlal
Ru
Sif Muna
Trog
Uskayaw
Vehumet
Wu Jian
Xom
Yredelemnul
Zin
The Shining One

Shops:
D:5 !


Innate Abilities, Weirdness & Mutations

You have hoof-like feet.
Scrolls take you a little longer to read.
You are dopey. (Int -2)
You are covered in fur. (AC +1)
You rapidly evolve.
Your spells are a little easier to cast, but a little less powerful.
Your movements are slightly less encumbered by armour. (ER -2)


Message History

(? for menu, Esc to cancel) < or
v - a ring of positive energy; > or
M - a ring of wizardry You remove your ring of positive energy.
You feel more attuned to fire.
O - a ring of fire (left hand)
A stone giant comes into view.
The stone giant shouts!
The stone giant throws a large rock.
The large rock hits you!!!
Ouch! That really hurt!
You see here a large rock.
You close the door.
Okay, then.
Unknown command.
You fail to use your ability.
You blink.
You feel slightly less full.
A stone giant opens the door.
The stone giant throws a large rock.
The large rock completely misses you.
The stone giant throws a large rock.
The large rock hits you!!
Ouch! That really hurt!
You die...

............#.C..# #
.....>......#.... #
.....<..###.#... #
........# #.#C. #
##......###.#'#### #
##.#........#(..8# #
##.#......#.#....# #
##.#...####.#....# #
...#...# #.#...@# #
##.#...####.#....######
#
##.....##.#.#...()....#
#
.......##.#.#....#....#
#
##.....##.#.#....#....#
#
.......##.#.#8...#....#
#
....#.......#########'#
######
.......##.#....<.#....#
#.....
.......##.#####..#....#
#.####


You could see a stone giant.

Vanquished Creatures
  2 two-headed ogres
  The ghost of anet the Thaumaturge, a journeyman DEWz of Ashenzari (D:9)
  An unseen horror (D:9)
  Pikel (D:8)
  An orc sorcerer (Orc:1)
  An elephant (D:10)
  A gargoyle (D:10)
  2 hellwings (D:9)
  A redback zombie (D:8)
  A queen bee (D:8)
  2 trolls
  A wyvern (D:8)
  2 basilisks (D:10)
  A yak (D:10)
  2 hungry ghosts (D:10)
  Menkaure (D:5)
  A water moccasin (D:5)
  2 orc warriors (D:9)
  4 slaves (D:8)
  7 sky beasts
  2 necrophages (D:10)
  3 phantoms
  A black bear (D:7)
  3 ice beasts
  5 ogres
  4 centaurs
  A big kobold (D:10)
  6 bullfrogs
  3 scorpions
  23 killer bees
  3 wights (D:5)
  5 howler monkeys
  A bullfrog zombie (D:9)
  A quasit (D:6)
  5 centaur zombies
  3 crimson imps
  2 centaur skeletons
  5 hounds
  3 orc priests
  Crazy Yiuf (D:3)
  2 gnoll shamans
  10 orc wizards
  A bullfrog skeleton (D:6)
  4 iguanas
  8 worker ants
  2 killer bee zombies
  A hound zombie (D:9)
  12 gnolls
  14 adders
  3 river rats (D:3)
  9 shadow imps
  4 oozes
  3 adder skeletons
  11 worms
  2 dart slugs
  7 leopard geckos
  37 orcs
  18 bats
  6 giant cockroaches
  6 goblins
  8 hobgoblins
  15 jackals
  6 quokkas
  6 ball pythons
  11 frilled lizards
  17 kobolds
  A leopard gecko skeleton (D:5)
  A quokka skeleton (D:5)
  8 rats
348 creatures vanquished.

Vanquished Creatures (others)
  8 bushes (D:9)
8 creatures vanquished.

Grand Total: 356 creatures vanquished

Notes
Turn   | Place    | Note
-------+----------+-------------------------------------------
     0 | D:1      | Kidiri the Deep Elf Fire Elementalist began the quest for the Orb.
     0 | D:1      | Reached XP level 1. HP: 10/10 MP: 6/6
   179 | D:1      | Reached XP level 2. HP: 15/15 MP: 1/8
   183 | D:1      | Learned a level 2 spell: Throw Flame
   693 | D:1      | Reached XP level 3. HP: 19/19 MP: 7/10
   715 | D:1      | Reached skill level 4 in Spellcasting
  1118 | D:1      | Learned a level 3 spell: Conjure Flame
  1122 | D:1      | Learned a level 3 spell: Inner Flame
  1219 | D:2      | Found an ornate altar of the Wu Jian Council.
  1220 | D:2      | Found a white marble altar of Elyvilon.
  1768 | D:2      | Found a shimmering altar of Xom.
  1769 | D:2      | Found a hazy altar of Hepliaklqana.
  1769 | D:2      | Noticed an insubstantial wisp
  1771 | D:2      | Reached XP level 4. HP: 24/24 MP: 8/12
  1772 | D:2      | Noticed an insubstantial wisp
  1772 | D:2      | Noticed a spectral ugly thing
  1838 | D:2      | Found a sparkling altar of Nemelex Xobeh.
  2292 | D:3      | Reached skill level 5 in Spellcasting
  2334 | D:3      | Reached XP level 5. HP: 28/28 MP: 4/14
  2380 | D:3      | Found a glowing drain.
  2388 | Sewer    | Entered a sewer
  2442 | Sewer    | Learned a level 4 spell: Sticky Flame
  3613 | D:3      | Found a runed door.
  3778 | D:3      | Reached skill level 6 in Spellcasting
  3899 | D:3      | Found a bloodstained altar of Trog.
  4073 | D:3      | Noticed Crazy Yiuf
  4079 | D:3      | Killed Crazy Yiuf
  4079 | D:3      | Reached XP level 6. HP: 32/32 MP: 7/17
  4474 | D:4      | Learned a level 5 spell: Fireball
  4757 | D:4      | Reached skill level 5 in Fire Magic
  4945 | D:4      | Reached skill level 7 in Spellcasting
  5210 | D:4      | Reached XP level 7. HP: 37/37 MP: 11/19
  5441 | D:5      | Entered Level 5 of the Dungeon
  5476 | D:5      | Reached skill level 1 in Short Blades
  5641 | D:5      | Reached skill level 1 in Fighting
  5641 | D:5      | Reached skill level 1 in Armour
  5821 | D:5      | Found a sacrificial altar of Ru.
  5861 | D:5      | Reached skill level 1 in Shields
  6221 | D:5      | Reached XP level 8. HP: 29/43 MP: 1/21
  6377 | D:5      | Noticed Menkaure
  6385 | D:5      | Killed Menkaure
  6385 | D:5      | Reached skill level 8 in Spellcasting
  6881 | D:5      | Found a radiant altar of Vehumet.
  6885 | D:5      | Became a worshipper of Vehumet
  7146 | D:5      | Found Enap's Distillery.
  7155 | D:5      | Bought a potion of magic for 88 gold pieces
  7155 | D:5      | Bought a potion of heal wounds for 55 gold pieces
  7516 | D:6      | Found a staircase to the Ecumenical Temple.
  7658 | D:6      | Reached skill level 5 in Conjurations
  7791 | D:6      | Reached * piety under Vehumet
  7791 | D:6      | Offered knowledge of Magic Dart by Vehumet.
  8039 | D:6      | Reached XP level 9. HP: 49/49 MP: 10/23
  8236 | Temple   | Entered the Ecumenical Temple
  8412 | D:7      | Found a deep blue altar of Sif Muna.
  8551 | D:7      | Reached skill level 5 in Dodging
  8551 | D:7      | Reached skill level 9 in Spellcasting
  8593 | D:7      | Noticed a two-headed ogre
  8606 | D:7      | Killed a two-headed ogre
  9158 | D:7      | Offered knowledge of Sting by Vehumet.
  9467 | D:8      | Reached ** piety under Vehumet
  9471 | D:8      | Gained mutation: You are dopey. (Int -2) [mutagenic meat]
  9472 | D:8      | Gained mutation: Scrolls take you a little longer to read. [mutagenic meat]
  9473 | D:8      | Gained mutation: You evolve. [mutagenic meat]
  9474 | D:8      | Gained mutation: You are robust. (+10% HP) [mutagenic meat]
  9475 | D:8      | Gained mutation: Your spells are a little easier to cast, but a little less powerful. [mutagenic meat]
  9513 | D:8      | Reached skill level 10 in Spellcasting
  9536 | D:8      | Reached XP level 10. HP: 50/61 MP: 18/26
  9726 | D:9      | Noticed anet's ghost (journeyman DEWz)
 10057 | D:9      | Gained mutation: You are covered in fur. (AC +1) [evolution]
 10289 | D:9      | Killed anet's ghost
 10448 | D:9      | Gained mutation: Your movements are slightly less encumbered by armour. (ER -2) [mutagenic meat]
 10449 | D:9      | Gained mutation: You have large cloven feet. [mutagenic meat]
 10450 | D:9      | Lost mutation: You are robust. (+10% HP) [mutagenic meat]
 10451 | D:9      | Gained mutation: You have hoof-like feet. [mutagenic meat]
 10552 | D:9      | Offered knowledge of Dazzling Spray by Vehumet.
 10702 | D:9      | Found a staircase to the Orcish Mines.
 10833 | D:9      | Reached *** piety under Vehumet
 11021 | D:9      | Reached skill level 5 in Short Blades
 11021 | D:9      | Reached skill level 11 in Spellcasting
 11419 | D:8      | Reached XP level 11. HP: 61/61 MP: 22/28
 11472 | D:8      | Offered knowledge of Ignite Poison by Vehumet.
 11479 | D:8      | Learned a level 3 spell: Ignite Poison
 11806 | D:8      | Noticed Pikel
 11812 | D:8      | Killed Pikel
 12101 | D:8      | Found a stormy altar of Qazlal.
 12429 | D:8      | Noticed a two-headed ogre
 12443 | D:8      | Killed a two-headed ogre
 12849 | Orc:1    | Entered Level 1 of the Orcish Mines
 12849 | Orc:1    | Noticed an orc sorcerer
 12856 | Orc:1    | Noticed a soul eater
 12859 | Orc:1    | Noticed a sun demon
 12860 | Orc:1    | Killed an orc sorcerer
 12860 | Orc:1    | Reached **** piety under Vehumet
 12910 | D:9      | Gained mutation: You rapidly evolve. [evolution]
 12992 | D:10     | Entered Level 10 of the Dungeon
 13114 | D:10     | Reached skill level 12 in Spellcasting
 13284 | D:10     | Offered knowledge of Lee's Rapid Deconstruction by Vehumet.
 13291 | D:10     | Learned a level 5 spell: Lee's Rapid Deconstruction
 13441 | D:10     | Found a staircase to the Lair.
 13699 | D:10     | Reached skill level 1 in Poison Magic
 13962 | D:10     | Reached skill level 1 in Earth Magic
 13967 | D:10     | Got a crystal spear
 13968 | D:10     | Identified the +8 spear "Vesud" {pierce, +Blink rPois rC+} (You found it on level 10 of the Dungeon)
 14045 | D:10     | Reached skill level 5 in Armour
 14308 | D:9      | Noticed an unseen horror
 14312 | D:9      | Killed an unseen horror
 14534 | D:9      | Noticed a stone giant
 14541 | D:9      | Hit by a large rock thrown by a stone giant

Vault maps used:
D:1:      minmay_arrival_plants_in_alcoves
D:2:      regret_index_temple_of_mockery, grunt_temple_overflow_open,
          nemelex_diamond_rough_becter
D:3:      lightli_sewer_entry_pipes, minmay_tree_intersection,
          trog_hazing_becter, uniq_crazy_yiuf_cottage
D:4:      st_stairs_7
D:5:      marbit_many_paths, serial_glass, glass_columns_b, glass_columns_a,
          glass_columns_b, glass_columns_b, glass_columns_b, first_bread,
          serial_shops, nicolae_shop_stone, kennysheep_small_spiral,
          nicolae_ru_awakened_eye, uniq_menkaure
D:6:      minmay_temple_entry_glassed_door, kennysheep_small_square
D:7:      old_standard_altar
D:8:      cheibrodos_grave_circle, basic_altar, david_nohive_1, uniq_pikel
D:9:      minmay_klotski, david_orc_2
D:10:     david_lair_generic
Temple:   regret_index_temple_sphere_string
Sewer:    sewer_fruit_machine

Skill      XL: |  1  2  3  4  5  6  7  8  9 10 11 |
---------------+----------------------------------+-----
Conjurations   | 2 3 4 5 6 7 |  7.6
Spellcasting   | 4 5 6 7 8 10 11 12 | 12.3
Fire Magic     | 4 5 6 7 8 |  8.1
Short Blades   | 2 3 4 5 6 |  6.1
Fighting       | 1 2 3 4 |  4.5
Armour         | 1 2 3 4 5 |  5.1
Dodging        | 3 4 5 6 7 |  7.8
Shields        | 1 2 3 4 |  4.5
Poison Magic   | 1 |  1.4
Earth Magic    | 1 |  1.6
Stealth        | |  2.4
Evocations     | |  0.4

Action                   |  1- 3 |  4- 6 |  7- 9 | 10-12 || total
-------------------------+-------+-------+-------+-------++-------
Melee: Whip              |     6 |       |       |       ||     6
       Short sword       |     2 |       |       |       ||     2
       Staff             |       |     4 |       |       ||     4
       Dagger            |       |    14 |    99 |   126 ||   239
       Kick              |       |       |       |    15 ||    15
 Cast: Flame Tongue      |    50 |   108 |   186 |   263 ||   607
       Throw Flame       |    24 |    45 |    62 |    59 ||   190
       Sticky Flame      |       |     5 |    14 |    41 ||    60
       Conjure Flame     |       |     3 |    11 |    12 ||    26
       Inner Flame       |       |       |     6 |     8 ||    14
       Fireball          |       |       |       |     1 ||     1
       Lee's Rapid Decon |       |       |       |     7 ||     7
 Abil: Evoke Blink       |       |       |       |     1 ||     1
Evoke: Wand              |       |       |       |     3 ||     3
  Use: Scroll            |     9 |     7 |     8 |     8 ||    32
       Potion            |       |     3 |     7 |     2 ||    12
 Stab: Sleeping          |     1 |     1 |     1 |     1 ||     4
       Distracted        |       |       |       |     1 ||     1
  Eat: Chunk             |     3 |     7 |    18 |     8 ||    36
       Bread ration      |       |     1 |       |       ||     1
       Fruit             |       |       |     1 |     4 ||     5
       Royal jelly       |       |       |       |    10 ||    10
Armor: Robe              |     8 |    12 |    49 |    70 ||   139
       Skin              |       |       |     1 |       ||     1
Dodge: Dodged            |    21 |    30 |   115 |   185 ||   351
Block: Buckler           |       |       |    20 |    71 ||    91
